 Dungeon Crawl Stone Soup version 0.29-a0-1033-gb6c65ffae6 (console) character file.

Game seed: 7072361706020180546

12037 jejorda2 the Basher (level 11, -2/88 HPs)
             Began as a Palentonga Berserker on Aug 14, 2022.
             Was an Elder of Trog.
             Slain by an ogre
             ... wielding a +0 giant club
             ... led by Lodul
              (20 damage)
             ... on level 10 of the Dungeon.
             The game lasted 00:35:38 (11155 turns).

jejorda2 the Basher (Palentonga Berserker)         Turns: 11155, Time: 00:35:38

Health: -2/88      AC: 19    Str: 26    XL:     11   Next: 57%
Magic:  11/11      EV: 12    Int:  7    God:    Trog [****..]
Gold:   47         SH:  7    Dex: 11    Spells: 10/10 levels left

rFire   + . .      SeeInvis +   a - +5 flail (freeze)
rCold   . . .      Faith    .   I - +2 buckler
rNeg    . . .      Spirit   .   B - +0 scale mail {rF+}
rPois   +          Reflect  .   y - +2 helmet
rElec   .          Harm     .   G - +1 cloak {rPois}
rCorr   .          Rampage  .   D - +2 pair of gloves
Will    .....                   (no barding)
Stlth   ..........              (no amulet)
HPRegen 0.24/turn               C - +4 ring of evasion
MPRegen 0.12/turn               m - +4 ring of slaying

@: marked, corroded, on berserk cooldown, slowed, curled up, very slow
A: large, rugged brown scales 3, see invisible, deformed body, roll 1, armoured
tail, reflexive curl
a: Rolling Charge, Renounce Religion, Berserk, Trog's Hand, Brothers in Arms


You were on level 10 of the Dungeon.
You worshipped Trog.
Trog was greatly pleased with you.
You visited 1 branch of the dungeon, and saw 10 of its levels.
You also visited: Sewer and Ossuary.

You collected 517 gold pieces.
You spent 470 gold pieces at shops.

Inventory:

Hand Weapons
 a - a +5 flail of freezing (weapon)
 b - a +2 flail of holy wrath
 E - a +1 spear of freezing
Missiles
 j - 117 stones
 K - a curare-tipped dart
Armour
 u - a +2 tower shield
 y - a +2 helmet (worn)
 B - a +0 scale mail of fire resistance (worn)
 D - a +2 pair of gloves (worn)
 G - a +1 cloak of poison resistance (worn)
 I - a +2 buckler (worn)
Jewellery
 e - a +4 ring of protection
 m - a +4 ring of slaying (right hand)
 v - a +4 ring of slaying
 C - a +4 ring of evasion (left hand)
 J - a ring of protection from cold
Wands
 d - a wand of paralysis (5)
 n - a wand of mindburst (11)
Scrolls
 f - 3 scrolls of torment
 g - 4 scrolls of fear
 k - 8 scrolls of enchant armour
 r - 3 scrolls of teleportation
 x - 2 scrolls of brand weapon
 F - 2 scrolls of blinking
Potions
 c - 3 potions of flight
 h - a potion of attraction
 i - 3 potions of mutation
 o - 3 potions of heal wounds
 p - a potion of invisibility
 q - 6 potions of curing
 s - 3 potions of resistance
 t - 3 potions of lignification
 z - 2 potions of ambrosia
 A - a potion of haste
 H - 2 potions of might
 L - a potion of cancellation {unknown}


   Skills:
 + Level 6.5 Fighting
 - Level 14.0 Maces & Flails
 - Level 6.0 Armour
 - Level 1.5 Dodging
 * Level 7.6 Shields
 + Level 2.1 Evocations


You had 10 spell levels left.
You didn't know any spells.
Your spell library was empty.

Dungeon Overview and Level Annotations

Branches:
Dungeon (10/15)            Temple (0/1) D:4           Sewer (visited)
Ossuary (visited)
   Lair: D:8-11         Orc: D:9-12

Altars:
Ashenzari
Cheibriados
Dithmenos
Gozag
Nemelex Xobeh
Trog
Wu Jian
Xom
The Shining One

Shops:
D:3 [*

Annotations:
D:3 3 runed translucent doors, Heh's ghost, amateur OpFi; Manisian's ghost, amateur SpEn
D:10 Lodul


Innate Abilities, Weirdness & Mutations

You are completely covered in rugged brown scales. (AC +3, +7% HP)
You have supernaturally acute eyesight. (SInv)
Armour fits poorly on your strangely shaped body.
You can roll at nearby foes to attack.
You have a long armoured tail.
You curl defensively after being hit. (AC +7*)


Message History

You bludgeon the acid dragon!! You freeze the acid dragon.
The acid dragon is almost dead.
You are no longer berserk.
You are exhausted.
You feel yourself slow down.
As you read the scroll of teleportation, it crumbles to dust.
You feel strangely unstable.
The vampire mosquito bites you but does no damage.
The acid dragon bites you but does no damage.
The acid dragon barely misses you.
You block the vampire mosquito's attack.
The acid dragon spits acid at you. The splash of acid hits you!
The acid corrodes you!
The vampire mosquito bites you but does no damage.
The acid dragon attacks as you move away!
You block the acid dragon's attack. The acid dragon claws you.
The vampire mosquito attacks as you move away!
You block the vampire mosquito's attack.
Your surroundings suddenly seem different.
Unknown command.
Electricity crackles from Lodul's apparatus.
The bolt of lightning misses you. The vampire mosquito misses you.
The ogre completely misses you.
The vampire mosquito closely misses you.
Found 9 gold pieces.
The vampire mosquito bites you but does no damage. x2
You block the vampire mosquito's attack.
Lodul hits you with a +2 dire flail of holy wrath!
* * * LOW HITPOINT WARNING * * *
The ogre barely misses you.
There is a stone staircase leading up here.
The vampire mosquito barely misses you. The ogre barely misses you.
The vampire mosquito bites you.
* * * LOW HITPOINT WARNING * * *
The vampire mosquito draws strength from your injuries!
The vampire mosquito bites you.
* * * LOW HITPOINT WARNING * * *
The vampire mosquito draws strength from your injuries!
The ogre hits you with a +0 giant club!!
You die...

#.# ## #.# ...... #.#
#$...# ... ....## #.#
....#### #.# # ......
###.######.####..#
...............O.###..#
####.##.......DO@.....#
#.....#.####.yO..#..#
#..####.# #...O..#
#..####.###........
#.......##.......###
#.####....))######
#......#.#))#
######...#.)###
##.#†....#


You could see Lodul, an acid dragon, a vampire mosquito and 3 ogres.

Vanquished Creatures
  Harold (D:10)
  A two-headed ogre (D:8)
  Erica (D:8)
  The ghost of Manisian the Poker, a novice DsBe of Trog (D:9)
  Joseph (D:8)
  5 slime creatures (D:9)
  A hornet (D:8)
  Eustachio (D:5)
  4 wyverns
  A shadow (D:10)
  7 yaks
  2 steam dragons
  3 vampire mosquitoes (D:10)
  2 water moccasins
  2 ice beasts (D:8)
  A sky beast (D:7)
  A black bear (D:5)
  6 orc warriors
  5 ogres
  2 centaurs
  5 kobold brigands
  10 bullfrogs
  2 gnoll sergeants
  A necrophage (D:6)
  2 water moccasin zombies (Ossuary)
  11 wights (D:8)
  12 killer bees
  A centaur zombie (Ossuary)
  A crimson imp (D:6)
  2 howler monkeys (D:7)
  7 bullfrog zombies (Ossuary)
  2 hounds
  A gnoll bouda (D:8)
  4 orc priests
  An iron imp (D:5)
  3 jellies
  3 iguanas
  3 orc wizards
  Natasha (thrice) (D:2)
  4 killer bee zombies (Ossuary)
  17 mummies (Ossuary)
  3 howler monkey zombies (Ossuary)
  7 gnolls
  6 adders
  A river rat (Sewer)
  2 shadow imps
  A white imp (D:6)
  2 worms
  4 dart slugs
  19 orcs
  8 endoplasms
  A giant cockroach (D:1)
  8 goblins
  5 hobgoblins
  4 jackals
  6 quokkas
  5 ball pythons
  2 bats
  4 frilled lizards
  17 kobolds
  14 rats
262 creatures vanquished.

Vanquished Creatures (collateral kills)
  2 orc warriors (D:9)
  An orc (D:9)
3 creatures vanquished.

Vanquished Creatures (others)
  9 withered plants
9 creatures vanquished.

Grand Total: 274 creatures vanquished

Notes
Turn   | Place    | Note
-------+----------+-------------------------------------------
     0 | D:1      | jejorda2 the Palentonga Berserker began the quest for the
                  | Orb.
     0 | D:1      | Reached XP level 1. HP: 19/19 MP: 1/1
   188 | D:1      | Reached XP level 2. HP: 25/25 MP: 2/2
   593 | D:1      | Reached XP level 3. HP: 31/31 MP: 3/3
   930 | D:2      | Reached ** piety under Trog
  1260 | D:2      | Noticed Natasha
  1267 | D:2      | Killed Natasha
  1268 | D:2      | Reached skill level 4 in Maces & Flails
  1631 | D:2      | Reached XP level 4. HP: 37/37 MP: 4/4
  1705 | D:2      | Noticed Natasha
  1727 | D:2      | Killed Natasha
  2136 | D:2      | Noticed Natasha
  2141 | D:2      | Killed Natasha
  2202 | D:2      | Found a faded altar of an unknown god.
  2282 | D:3      | Reached XP level 5. HP: 31/44 MP: 5/5
  2294 | D:3      | Found a runed translucent gate.
  2294 | D:3      | Found a runed translucent gate.
  2294 | D:3      | Found a runed translucent gate.
  2295 | D:3      | Noticed Heh's ghost (amateur OpFi)
  2296 | D:3      | Noticed Manisian's ghost (amateur SpEn)
  2305 | D:3      | Found Ithan's Antique Armour Emporium.
  2336 | D:3      | Found a glowing drain.
  2404 | Sewer    | Entered a sewer
  2588 | Sewer    | Reached skill level 5 in Maces & Flails
  2667 | Sewer    | Found a white marble altar of Elyvilon.
  2935 | D:3      | Found Gozag's Platinum Reserve.
  2936 | D:3      | Found an opulent altar of Gozag.
  3220 | D:3      | Reached XP level 6. HP: 51/51 MP: 6/6
  3311 | D:3      | Identified the +0 ring mail "Qeucodgh" {Harm Will- Slay+2}
  3631 | D:4      | Found a staircase to the Ecumenical Temple.
  3714 | D:4      | Found a broken altar of Ashenzari.
  3951 | D:4      | Found a shimmering altar of Xom.
  4053 | D:4      | Found a glowing golden altar of the Shining One.
  4053 | D:4      | Found a sparkling altar of Nemelex Xobeh.
  4091 | D:4      | Reached *** piety under Trog
  4515 | D:3      | Bought a glowing scale mail for 140 gold pieces
  4549 | D:5      | Entered Level 5 of the Dungeon
  4727 | D:5      | Noticed Eustachio
  4749 | D:5      | Killed Eustachio
  4750 | D:5      | Reached skill level 6 in Maces & Flails
  4750 | D:5      | Gained mutation: You curl defensively after being hit. (AC
                  | +7*) [Palentonga growth]
  4750 | D:5      | Reached XP level 7. HP: 48/58 MP: 7/7
  4830 | D:5      | Reached skill level 5 in Fighting
  4870 | D:5      | Found a sand-covered staircase.
  4874 | Ossuary  | Entered an ossuary
  4952 | Ossuary  | Reached skill level 7 in Maces & Flails
  5015 | Ossuary  | Reached XP level 8. HP: 55/67 MP: 8/8
  5347 | Ossuary  | Reached skill level 8 in Maces & Flails
  5551 | D:5      | Found a snail-covered altar of Cheibriados.
  6589 | D:6      | Found a shadowy altar of Dithmenos.
  6682 | D:6      | Reached skill level 5 in Armour
  6766 | D:6      | Reached skill level 9 in Maces & Flails
  7207 | D:6      | Reached XP level 9. HP: 71/73 MP: 9/9
  7892 | D:3      | Bought an embroidered cloak for 150 gold pieces
  8313 | D:7      | Found an ornate altar of the Wu Jian Council.
  8489 | D:7      | Found a bloodstained altar of Trog.
  8645 | D:7      | Reached skill level 10 in Maces & Flails
  8677 | D:8      | Noticed Joseph
  8695 | D:8      | Killed Joseph
  8696 | D:8      | Reached skill level 1 in Shields
  8776 | D:8      | Noticed Erica
  8783 | D:8      | Killed Erica
  8784 | D:8      | Reached skill level 11 in Maces & Flails
  8789 | D:8      | Reached XP level 10. HP: 77/81 MP: 10/10
  8802 | D:7      | Reached **** piety under Trog
  9094 | D:8      | Noticed a two-headed ogre
  9100 | D:8      | Killed a two-headed ogre
  9101 | D:8      | Reached skill level 12 in Maces & Flails
  9525 | D:8      | Reached skill level 5 in Shields
  9536 | D:8      | Reached skill level 13 in Maces & Flails
  9778 | D:3      | Bought a warped ring mail for 180 gold pieces
  9778 | D:3      | Identified the +0 ring mail of Honour {rF+} (You bought it
                  | in a shop on level 3 of the Dungeon)
 10174 | D:9      | Reached XP level 11. HP: 86/86 MP: 11/11
 10570 | D:9      | Found a runed translucent gate.
 10571 | D:9      | Found a runed translucent gate.
 10571 | D:9      | Noticed Manisian's ghost (novice DsBe)
 10572 | D:9      | Found a runed translucent gate.
 10922 | D:9      | Identified the +1 robe of Dawn {rElec rC+ Will-}
 10953 | D:9      | Killed Manisian's ghost
 10954 | D:9      | Reached skill level 14 in Maces & Flails
 11048 | D:10     | Entered Level 10 of the Dungeon
 11101 | D:10     | Reached skill level 1 in Evocations
 11124 | D:10     | Noticed Harold
 11135 | D:10     | Noticed Lodul
 11144 | D:10     | Killed Harold
 11155 | D:10     | Slain by an ogre

Illustrated notes

Levels and vault maps discovered:
D:1:      psy_arrival_terrarium, layout_basic
D:2:      layout_rooms, shapermc_ecumenical_altar_mp_vishouse, uniq_natasha
D:3:      layout_basic, nicolae_gozag_zags_fifth_avenue,
          gammafunk_ghost_cemetery, serial_shops, nicolae_shop_waterfront,
          cheibrodos_sewer_entry_sluice
D:4:      layout_cave_pools, mainiacjoe_overflow_tiny_flanked,
          evilmike_ruin_ashenzari, gammafunk_temple_overflow_wave,
          minmay_temple_entry_trees
D:5:      layout_layer_cave, chei_slow_surprise, enter_ossuary_5, uniq_eustachio
D:6:      layout_basic, mainiacjoe_overflow_paths,
          chequers_serial_rivers_micro_b, minmay_fire_ice_demons
D:7:      layout_loops_cross, nzn_wu_jian_contemplation, kennysheep_little_box,
          bh_walls_and_bars
D:8:      minmay_bloctagon, layout_rooms, uniq_erica, uniq_joseph
D:9:      layout_basic, biasface_ghost_orc_armoury, minmay_misc_feat_rows
D:10:     layout_loops_cross, erik_lair_island, uniq_harold, uniq_lodul

Skill      XL: |  1  2  3  4  5  6  7  8  9 10 11 |
---------------+----------------------------------+-----
Armour         | 2 3 4 5 6 |  6.0
Maces & Flails | 4 5 6 7 9 11 13 14 | 14.0
Fighting       | 4 5 6 |  6.5
Shields        | 3 5 7 |  7.6
Evocations     | 2 |  2.1
Dodging        | |  1.5

Action                   |  1- 3 |  4- 6 |  7- 9 | 10-12 || total
-------------------------+-------+-------+-------+-------++-------
Melee: Mace              |    95 |   119 |       |       ||   214
       Tailslap          |     7 |    24 |    38 |    33 ||   102
       Punch             |     1 |     6 |     3 |       ||    10
       Flail             |       |    63 |   259 |   228 ||   550
Invok: Berserk           |     3 |     6 |     6 |     6 ||    21
       Trog's Hand       |       |     1 |     1 |     2 ||     4
       Brothers in Arms  |       |       |       |     2 ||     2
 Abil: Rolling Charge    |    27 |    22 |    35 |    29 ||   113
  Use: Scroll            |       |     8 |    16 |     5 ||    29
       Potion            |       |       |       |     1 ||     1
Armor: Animal skin       |    24 |       |       |       ||    24
       Scale mail        |     3 |   100 |    14 |    66 ||   183
       Leather armour    |       |       |    59 |       ||    59
Dodge: Dodged            |    48 |   122 |   141 |    88 ||   399
Block: Buckler           |       |       |       |    46 ||    46

Table legend: (Time is in decaauts)
 A = Elapsed time spent in this place.
 B = Non-inter-level travel time spent in this place.
 C = Inter-level travel time spent in this place.
 D = Time resting spent in this place.
 E = Time spent auto-exploring this place.
 F = Levels seen in this place.
 G = Mean time per level.
                   A        B        C        D        E       F      G
               +--------+--------+--------+--------+--------+-----+--------+
         Total |  11382 |  10693 |    689 |    714 |   8011 |  12 |  948.5 |
       Dungeon |  10482 |   9793 |    689 |    554 |   7551 |  10 | 1048.2 |
         Sewer |    337 |    337 |      0 |     67 |    213 |   1 |  337.0 |
       Ossuary |    562 |    562 |      0 |     93 |    247 |   1 |  562.0 |
               +--------+--------+--------+--------+--------+-----+--------+

Top non-repeatable levels by time:
     D:5: 1580 daAuts
     D:2: 1395 daAuts
     D:6: 1360 daAuts
     D:3: 1272 daAuts
     D:9: 1186 daAuts
     D:8: 945 daAuts
     D:1: 921 daAuts
     D:4: 915 daAuts
     D:7: 813 daAuts
 Ossuary: 562 daAuts
   Sewer: 337 daAuts
    D:10: 91 daAuts
